 Dungeon Crawl Stone Soup version 0.18.1-48-g4cf74bf (webtiles) character file.

45 Larett the Sneak (level 3, -3/18 HPs)
             Began as a Spriggan Assassin on July 20, 2016.
             Slain by a gnoll
             ... wielding a +0 spear
              (4 damage)
             ... on level 2 of the Dungeon.
             The game lasted 00:02:10 (1686 turns).

Larett the Sneak (Spriggan Assassin)                Turns: 1686, Time: 00:02:10

Health: -3/18      AC:  3    Str:  7    XL:     3   Next: 42%
Magic:  4/4        EV: 17    Int: 12    God:
Gold:   25         SH:  0    Dex: 18    Spells: 0 memorised, 2 levels left

rFire  . . .     SeeInvis +     a - +2 dagger
rCold  . . .     Gourm    .     c - +0 robe
rNeg   . . .     Faith    .     (shield restricted)
rPois  .         Spirit   .     (helmet restricted)
rElec  .         Dismiss  .     d - +0 cloak
rCorr  .         Reflect  .     (gloves unavailable)
SustAt .         Harm     .     (boots unavailable)
MR     .....                    (no amulet)
Stlth  ++++......               (no ring)
                                (no ring)

@: very quick, not resistant to hostile enchantments, stealthy
A: unfitting armour, see invisible, herbivore 3, speed 3, slow metabolism 2
a: no special abilities


You were on level 2 of the Dungeon.
You were not hungry.

You visited 1 branch of the dungeon, and saw 2 of its levels.

You collected 25 gold pieces.

Inventory:

Hand Weapons
 a - a +2 dagger (weapon)
 b - a +0 blowgun
Missiles
 e - 8 poisoned needles
 f - 2 curare-tipped needles
 h - 41 sling bullets
 j - 9 bolts
 l - 4 stones (quivered)
 q - 26 arrows
Armour
 c - a +0 robe (worn)
 d - a +0 cloak (worn)
Jewellery
 r - an uncursed ring of ice {unknown}
Scrolls
 k - 4 scrolls of identify {unknown}
 m - a scroll of enchant armour {unknown}
 n - a scroll of teleportation {unknown}
Potions
 i - a potion of heal wounds {unknown}
 o - a potion of degeneration {unknown}
 p - a potion of curing {unknown}
Comestibles
 g - a bread ration


   Skills:
 - Level 1.5 Fighting
 - Level 2.1 Short Blades
 - Level 2.0 Throwing
 - Level 1.5 Dodging
 + Level 7.9 Stealth


You had 2 spell levels left.
You didn't know any spells.

Dungeon Overview and Level Annotations

Branches:
Dungeon (2/15)

Altars:
Xom


Innate Abilities, Weirdness & Mutations

You are tiny and cannot use many weapons and most armour.
You have supernaturally acute eyesight.
You are a herbivore.
You cover ground extremely quickly.
You need consume almost no food.


Message History

e - 8 poisoned needles (gained 1)
You start resting.
HP restored.
There is a stone staircase leading down here.
You climb downwards.
The gnoll hits you.
There is a stone staircase leading up, spattered with blood here.
a - a +2 dagger (weapon)
The gnoll hits you.
* * * LOW HITPOINT WARNING * * *
You completely miss the gnoll. The gnoll closely misses you.
You hit the gnoll.
The gnoll is lightly wounded.
The gnoll hits you!
* * * LOW HITPOINT WARNING * * *
You hit the gnoll.
The gnoll is moderately wounded.
You hit the gnoll.
The gnoll is moderately wounded.
The gnoll hits you from afar with a spear.
You die...

. ##..# ....#
#.#.# ##.#.#
....####. .
#........
...>######..#
.......gi.g.#
#...#######(#
. #.#
##.##.##..
#.).......
#s#######.
#(# ##g##
#...#


You could see 2 gnolls.

Vanquished Creatures
  2 gnolls (D:1)
  2 dart slugs (D:1)
  A giant gecko (D:1)
  3 bats (D:1)
  A giant cockroach (D:1)
  4 goblins
  A hobgoblin (D:1)
  A jackal (D:1)
  A giant newt (D:1)
  A kobold (D:1)
  6 rats (D:1)
23 creatures vanquished.

Notes
Turn   | Place    | Note
--------------------------------------------------------------
     0 | D:1      | Larett the Spriggan Assassin began the quest for the Orb.
     0 | D:1      | Reached XP level 1. HP: 10/10 MP: 2/2
    26 | D:1      | Reached skill level 6 in Stealth
   347 | D:1      | Reached XP level 2. HP: 14/14 MP: 3/3
   502 | D:1      | Reached skill level 7 in Stealth
   923 | D:2      | Found a shimmering altar of Xom.
   923 | D:2      | Found a shimmering altar of Xom.
   923 | D:2      | Found a shimmering altar of Xom.
   923 | D:2      | Found a shimmering altar of Xom.
   951 | D:1      | HP: 1/14 [gnoll/spear (6)]
   976 | D:1      | Reached XP level 3. HP: 2/18 MP: 4/4
  1412 | D:1      | HP: 3/18 [gnoll/spear (7)]
  1684 | D:2      | HP: 1/18 [gnoll (7)]
  1686 | D:2      | Slain by a gnoll

Skill      XL: |  1  2 |
---------------+-------+-----
Stealth        | 6 7 |  7.9
Fighting       | |  1.5
Short Blades   | |  2.1
Throwing       | |  2.0
Dodging        | |  1.5

Action                   || total
-------------------------++-------
Melee: Dagger            ||    51
 Fire: Blowgun           ||    11
Throw: Stone             ||    10
 Stab: Sleeping          ||     9
Armor: Robe              ||    10
Dodge: Dodged            ||    30
